| TOP OF THE 1ST |
|
Brockton Rox batting - Pitching for Detroit Red Wings : RHP Adam Fisher
|
|
Pitching: RHP Adam Fisher
|
|
|
Batting: RHB Sal Rivera
|
0-0: Called Strike 0-1: Bunted foul 0-2: Foul Ball, location: 2F 0-2: Ball 1-2: Foul Ball, location: 2F 1-2: Fly out, F6 (Flyball, 6MD, EV 94.4 MPH)
|
|
Batting: LHB Aaron Brannon
|
0-0: Called Strike 0-1: Ball 1-1: Ground out U3 (Groundball, 3, EV 105.6 MPH)
|
|
Batting: LHB Jarrett Mordecai
|
0-0: Ball 1-0: Foul Ball, location: 2F 1-1: Swinging Strike 1-2: Fly out, F9 (Flyball, 9LM, EV 81.9 MPH)
|
| Top of the 1st over - 0 runs, 0 hits, 0 errors, 0 left on base; Brockton 0 - Detroit 0 |
| BOTTOM OF THE 1ST |
|
Detroit Red Wings batting - Pitching for Brockton Rox : LHP Chris Deans
|
|
Pitching: LHP Chris Deans
|
|
|
Batting: RHB Carlos Armenteros
|
0-0: Ball 1-0: Ball 2-0: Foul Ball, location: 2F 2-1: Ball 3-1: Base on Balls
|
|
Batting: LHB Jon Frederick
|
0-0: Called Strike 0-1: Ball 1-1: Fly out, F3 (Popup, 3F, EV 81.3 MPH)
|
|
Batting: SHB Ross Holland
|
0-0: Ball 1-0: Ball 2-0: Ball 3-0: Base on Balls Carlos Armenteros to second
|
|
Batting: LHB George Moran
|
0-0: Ball 1-0: Called Strike 1-1: Called Strike 1-2: 3-RUN HOME RUN (Flyball, 7D, EV 95.0 MPH), Distance : 387 ft
|
|
Batting: RHB Tony Murray
|
0-0: Ball 1-0: Foul Ball, location: 2F 1-1: Called Strike 1-2: Foul Ball, location: 2F 1-2: Fly out, F7 (Flyball, 7, EV 76.3 MPH)
|
|
Batting: RHB Tony Nunez
|
0-0: Ball 1-0: Ball 2-0: Called Strike 2-1: Ball 3-1: Foul Ball, location: 2F 3-2: Fly out, F8 (Flyball, 8RS, EV 95.6 MPH)
|
| Bottom of the 1st over - 3 runs, 1 hit, 0 errors, 0 left on base; Brockton 0 - Detroit 3 |
| TOP OF THE 2ND |
|
Brockton Rox batting - Pitching for Detroit Red Wings : RHP Adam Fisher
|
|
Batting: LHB Carlos Guerra
|
0-0: Ball 1-0: Swinging Strike 1-1: Foul Ball, location: 2F 1-2: SINGLE (Groundball, 4MD, EV 105.6 MPH)
|
|
Batting: RHB Jim Hubbard
|
0-0: Called Strike 0-1: Foul Ball, location: 2F 0-2: Ball 1-2: Foul Ball, location: 2F 1-2: Ball 2-2: DOUBLE (Line Drive, 8LD, EV 105.0 MPH) Carlos Guerra to third
|
|
Batting: RHB Alex Melendez
|
0-0: Ball 1-0: Ball 2-0: Called Strike 2-1: SINGLE (Line Drive, 4D, EV 109.4 MPH) Carlos Guerra scores Jim Hubbard to third
|
|
Batting: RHB Ted Emmerich
|
0-0: Ball 1-0: Ball 2-0: Called Strike 2-1: Ball 3-1: Fly out, F7 (Flyball, 7, EV 87.5 MPH) Runner from 3rd tags up, OUT at HOME! 7-2 Alex Melendez to second
|
|
Batting: RHB Scott Hawkins
|
0-0: Ball 1-0: Foul Ball, location: 2F 1-1: Ball Wild Pitch! Alex Melendez to third 2-1: Called Strike 2-2: Ball 3-2: DOUBLE (Groundball, 3L, EV 103.1 MPH) Alex Melendez scores
|
|
Batting: RHB Travis Campbell
|
0-0: Foul Ball, location: 2F 0-1: Called Strike 0-2: Foul Ball, location: 2F 0-2: Ball 1-2: Foul Ball, location: 2F 1-2: 2-RUN HOME RUN (Flyball, 78XD, EV 108.8 MPH), Distance : 443 ft
|
|
Batting: RHB Sal Rivera
|
0-0: Called Strike 0-1: Swinging Strike 0-2: Ball 1-2: Strikes out swinging
|
| Top of the 2nd over - 4 runs, 5 hits, 0 errors, 0 left on base; Brockton 4 - Detroit 3 |
| BOTTOM OF THE 2ND |
|
Detroit Red Wings batting - Pitching for Brockton Rox : LHP Chris Deans
|
|
Batting: RHB Jeremiah Washington
|
0-0: Foul Ball, location: 2F 0-1: Swinging Strike 0-2: Foul Ball, location: 2F 0-2: Strikes out swinging, 2-3 out at first.
|
|
Batting: LHB Glen Boyle
|
0-0: Called Strike 0-1: Ball 1-1: SOLO HOME RUN (Flyball, 89XD, EV 111.9 MPH), Distance : 432 ft
|
|
Batting: SHB Eisse Wijnja
|
0-0: Foul Ball, location: 2F 0-1: Called Strike 0-2: Ground out 4-3 (Groundball, 4, EV 80.0 MPH)
|
|
Batting: RHB Carlos Armenteros
|
0-0: Ball 1-0: SINGLE (Flyball, 7S, EV 92.5 MPH)
|
|
Batting: LHB Jon Frederick
|
0-0: Ball 1-0: Foul Ball, location: 2F 1-1: SINGLE (Flyball, 5D, EV 90.0 MPH) Carlos Armenteros to second
|
|
Batting: SHB Ross Holland
|
0-0: Ball 1-0: Fielders Choice at 2nd, 6-4 (Groundball, 6, EV 81.3 MPH)
|
| Bottom of the 2nd over - 1 run, 3 hits, 0 errors, 2 left on base; Brockton 4 - Detroit 4 |
| TOP OF THE 3RD |
|
Brockton Rox batting - Pitching for Detroit Red Wings : RHP Adam Fisher
|
|
Batting: LHB Aaron Brannon
|
0-0: Fly out, F7 (Flyball, 7, EV 77.5 MPH)
|
|
Batting: LHB Jarrett Mordecai
|
0-0: Called Strike 0-1: Swinging Strike 0-2: Strikes out swinging
|
|
Batting: LHB Carlos Guerra
|
0-0: Swinging Strike 0-1: Ball 1-1: Called Strike 1-2: Strikes out swinging
|
| Top of the 3rd over - 0 runs, 0 hits, 0 errors, 0 left on base; Brockton 4 - Detroit 4 |
| BOTTOM OF THE 3RD |
|
Detroit Red Wings batting - Pitching for Brockton Rox : LHP Chris Deans
|
|
Batting: LHB George Moran
|
0-0: Fly out, F6 (Popup, 6, EV 67.5 MPH)
|
|
Batting: RHB Tony Murray
|
0-0: Fly out, F8 (Flyball, 8LXD, EV 91.9 MPH)
|
|
Batting: RHB Tony Nunez
|
0-0: Ball 1-0: Swinging Strike 1-1: Fly out, F9 (Flyball, 89D, EV 98.1 MPH)
|
| Bottom of the 3rd over - 0 runs, 0 hits, 0 errors, 0 left on base; Brockton 4 - Detroit 4 |
| TOP OF THE 4TH |
|
Brockton Rox batting - Pitching for Detroit Red Wings : RHP Adam Fisher
|
|
Batting: RHB Jim Hubbard
|
0-0: Ball 1-0: Called Strike 1-1: Called Strike 1-2: SOLO HOME RUN (Flyball, 78XD, EV 104.4 MPH), Distance : 440 ft
|
|
Batting: RHB Alex Melendez
|
0-0: Called Strike 0-1: Foul Ball, location: 2F 0-2: Foul Ball, location: 2F 0-2: Ball 1-2: Fly out, F7 (Flyball, 7D, EV 100.0 MPH)
|
|
Batting: RHB Ted Emmerich
|
0-0: Ball 1-0: Called Strike 1-1: Called Strike 1-2: Ball 2-2: Strikes out swinging
|
|
Batting: RHB Scott Hawkins
|
0-0: Ball 1-0: Ground out 5-3 (Groundball, 56, EV 84.4 MPH)
|
| Top of the 4th over - 1 run, 1 hit, 0 errors, 0 left on base; Brockton 5 - Detroit 4 |
| BOTTOM OF THE 4TH |
|
Detroit Red Wings batting - Pitching for Brockton Rox : LHP Chris Deans
|
|
Batting: RHB Jeremiah Washington
|
0-0: Ball 1-0: Ball 2-0: Called Strike 2-1: Foul Ball, location: 2F 2-2: DOUBLE (Line Drive, 78D, EV 109.4 MPH)
|
|
Batting: LHB Glen Boyle
|
0-0: Ball 1-0: Ball 2-0: Called Strike 2-1: Foul Ball, location: 2F 2-2: Ground out 6-3 (Groundball, 6M, EV 84.4 MPH) Jeremiah Washington to third
|
|
Batting: SHB Eisse Wijnja
|
0-0: Foul Ball, location: 2F 0-1: Ball 1-1: Swinging Strike 1-2: Foul Ball, location: 2F 1-2: Ball 2-2: Foul Ball, location: 2F 2-2: Fly out, F8 (Flyball, 89D, EV 97.5 MPH) Runner from 3rd tags up, SCORES, throw by CF
|
|
Batting: RHB Carlos Armenteros
|
0-0: Called Strike 0-1: Called Strike 0-2: Fly out, F9 (Flyball, 89M, EV 88.1 MPH)
|
| Bottom of the 4th over - 1 run, 1 hit, 0 errors, 0 left on base; Brockton 5 - Detroit 5 |
| TOP OF THE 5TH |
|
Brockton Rox batting - Pitching for Detroit Red Wings : RHP Adam Fisher
|
|
Batting: RHB Travis Campbell
|
0-0: Foul Ball, location: 2F 0-1: Ball 1-1: Ball 2-1: Called Strike 2-2: Strikes out swinging
|
|
Batting: RHB Sal Rivera
|
0-0: Foul Ball, location: 2F 0-1: Ball 1-1: Ground out 5-3 (Groundball, 56S, EV 71.3 MPH)
|
|
Batting: LHB Aaron Brannon
|
0-0: Ball 1-0: Fly out, F9 (Line Drive, 9, EV 89.4 MPH)
|
| Top of the 5th over - 0 runs, 0 hits, 0 errors, 0 left on base; Brockton 5 - Detroit 5 |
| BOTTOM OF THE 5TH |
|
Detroit Red Wings batting - Pitching for Brockton Rox : LHP Chris Deans
|
|
Batting: LHB Jon Frederick
|
0-0: Reached on error, E9 (Flyball, 9, EV 91.9 MPH)
|
|
Batting: SHB Ross Holland
|
0-0: Fly out, F9 (Flyball, 9LS, EV 94.4 MPH)
|
|
Batting: LHB George Moran
|
0-0: Ball 1-0: SINGLE (Flyball, 89S, EV 86.9 MPH) Jon Frederick to second
|
|
Batting: RHB Tony Murray
|
0-0: Ball 1-0: Grounds into double play, 4-6-3 (Groundball, 4M, EV 88.1 MPH)
|
| Bottom of the 5th over - 0 runs, 1 hit, 1 error, 1 left on base; Brockton 5 - Detroit 5 |
| TOP OF THE 6TH |
|
Brockton Rox batting - Pitching for Detroit Red Wings : RHP Adam Fisher
|
|
Batting: LHB Jarrett Mordecai
|
0-0: Foul Ball, location: 2F 0-1: Ball 1-1: Ball 2-1: Ground out U3 (Groundball, 3, EV 104.4 MPH)
|
|
Batting: LHB Carlos Guerra
|
0-0: Foul Ball, location: 2F 0-1: Ball 1-1: Ball 2-1: Foul Ball, location: 2F 2-2: Strikes out swinging
|
|
Batting: RHB Jim Hubbard
|
0-0: SINGLE (Groundball, 6M, EV 111.3 MPH) (infield hit)
|
|
Batting: RHB Alex Melendez
|
0-0: Ball 1-0: Called Strike 1-1: Called Strike 1-2: Ground out U3 (Groundball, 13, EV 91.9 MPH)
|
| Top of the 6th over - 0 runs, 1 hit, 0 errors, 1 left on base; Brockton 5 - Detroit 5 |
| BOTTOM OF THE 6TH |
|
Detroit Red Wings batting - Pitching for Brockton Rox : LHP Chris Deans
|
|
Batting: RHB Tony Nunez
|
0-0: Ball 1-0: Called Strike 1-1: Foul Ball, location: 2F 1-2: Strikes out swinging
|
|
Batting: RHB Jeremiah Washington
|
0-0: Ball 1-0: Called Strike 1-1: Ball 2-1: Swinging Strike 2-2: Foul Ball, location: 2F 2-2: Foul Ball, location: 2F 2-2: Ball 3-2: Foul Ball, location: 2F 3-2: Foul Ball, location: 2F 3-2: Fly out, F7 (Flyball, 7D, EV 101.9 MPH)
|
|
Batting: LHB Glen Boyle
|
0-0: Ball 1-0: Called Strike 1-1: Ball 2-1: Called Strike 2-2: Ball 3-2: Strikes out swinging
|
| Bottom of the 6th over - 0 runs, 0 hits, 0 errors, 0 left on base; Brockton 5 - Detroit 5 |
| TOP OF THE 7TH |
|
Brockton Rox batting - Pitching for Detroit Red Wings : RHP Adam Fisher
|
|
Batting: RHB Ted Emmerich
|
0-0: Ball 1-0: Ball 2-0: Called Strike 2-1: Fly out, F3 (Popup, 23F, EV 86.9 MPH)
|
|
Batting: RHB Scott Hawkins
|
0-0: Called Strike 0-1: DOUBLE (Flyball, 78D, EV 86.9 MPH)
|
|
Batting: RHB Travis Campbell
|
0-0: Called Strike 0-1: Ball 1-1: Foul Ball, location: 2F 1-2: Foul Ball, location: 2F 1-2: Foul Ball, location: 2F 1-2: Ball 2-2: Ball 3-2: Foul Ball, location: 2F 3-2: Base on Balls
|
|
Batting: RHB Sal Rivera
|
0-0: Swinging Strike 0-1: Ball Wild Pitch! Scott Hawkins to third Travis Campbell to second 1-1: SINGLE (Groundball, 15S, EV 74.4 MPH) (infield hit)
|
|
Batting: LHB Aaron Brannon
|
0-0: Foul Ball, location: 2F 0-1: Foul Ball, location: 2F 0-2: Ball 1-2: TRIPLE (Line Drive, 89XD, EV 100.0 MPH) Scott Hawkins scores Travis Campbell scores Sal Rivera scores
|
|
Pitching: LHP Jean-Luc Legros
|
|
|
Batting: LHB Jarrett Mordecai
|
0-0: Ball 1-0: Ball 2-0: Foul Ball, location: 2F 2-1: Ball 3-1: Base on Balls
|
|
Batting: LHB Carlos Guerra
|
0-0: Called Strike 0-1: Foul Ball, location: 2F 0-2: Fielders Choice at 2nd, 6-4 (Groundball, 6M, EV 105.0 MPH) Aaron Brannon scores
|
|
Batting: RHB Jim Hubbard
|
0-0: Foul Ball, location: 2F 0-1: Ball 1-1: Ball Carlos Guerra is caught stealing 2nd base 2-4
|
| Top of the 7th over - 4 runs, 3 hits, 0 errors, 0 left on base; Brockton 9 - Detroit 5 |
| BOTTOM OF THE 7TH |
|
Detroit Red Wings batting - Pitching for Brockton Rox : LHP Chris Deans
|
|
Pitching: RHP Josiah Russell
|
|
|
Batting: SHB Eisse Wijnja
|
0-0: Ground out 6-3 (Groundball, 4M, EV 105.6 MPH)
|
|
Batting: RHB Carlos Armenteros
|
0-0: Called Strike 0-1: Fly out, F5 (Popup, 56S, EV 90.0 MPH)
|
|
Batting: LHB Jon Frederick
|
0-0: Ball 1-0: Ball 2-0: Swinging Strike 2-1: Fly out, F8 (Flyball, 8LD, EV 93.8 MPH)
|
| Bottom of the 7th over - 0 runs, 0 hits, 0 errors, 0 left on base; Brockton 9 - Detroit 5 |
| TOP OF THE 8TH |
|
Brockton Rox batting - Pitching for Detroit Red Wings : LHP Jean-Luc Legros
|
|
Batting: RHB Jim Hubbard
|
0-0: Ball 1-0: Swinging Strike 1-1: Foul Ball, location: 2F 1-2: Ball 2-2: Ball 3-2: Base on Balls
|
|
Batting: RHB Alex Melendez
|
0-0: Called Strike 0-1: Foul Ball, location: 2F 0-2: Ball 1-2: Ball 2-2: Ground out 5-3 (Groundball, 5S, EV 68.1 MPH) Jim Hubbard to second
|
|
Batting: RHB Ted Emmerich
|
0-0: SINGLE (Flyball, 6D, EV 85.0 MPH) Jim Hubbard to third
|
|
Batting: RHB Scott Hawkins
|
0-0: Ball 1-0: Foul Ball, location: 2F 1-1: SINGLE (Line Drive, 4M, EV 99.4 MPH) Jim Hubbard scores Ted Emmerich to second
|
|
Batting: RHB Travis Campbell
|
0-0: Called Strike 0-1: Fly out, F8 (Flyball, 8RXD, EV 93.1 MPH) Runner from 2nd tags up, SAFE at 3rd, no throw by CF
|
|
Batting: RHB Sal Rivera
|
0-0: Ball 1-0: Ball 2-0: Called Strike 2-1: Ball 3-1: Foul Ball, location: 2F 3-2: DOUBLE (Line Drive, 78M, EV 103.8 MPH) Ted Emmerich scores Scott Hawkins to third Scott Hawkins scores
|
|
Batting: LHB Aaron Brannon
|
0-0: SINGLE (Line Drive, 9LS, EV 106.3 MPH) Sal Rivera to third Runner from 3rd tries for Home, throw by RF and OUT! 9-2
|
| Top of the 8th over - 3 runs, 4 hits, 0 errors, 1 left on base; Brockton 12 - Detroit 5 |
| BOTTOM OF THE 8TH |
|
Detroit Red Wings batting - Pitching for Brockton Rox : RHP Josiah Russell
|
|
Pinch Hitting: LHB Isao Fukui
|
0-0: Ball 1-0: Swinging Strike 1-1: Ball 2-1: Ball 3-1: Foul Ball, location: 2F 3-2: Strikes out swinging wild pitch, reaches first!
|
|
Batting: LHB George Moran
|
0-0: Ball 1-0: Ball 2-0: Called Strike 2-1: Swinging Strike 2-2: Ball 3-2: Strikes out swinging
|
|
Batting: RHB Tony Murray
|
0-0: Ball 1-0: Called Strike 1-1: Called Strike 1-2: Foul Ball, location: 2F 1-2: Strikes out swinging
|
|
Batting: RHB Tony Nunez
|
0-0: Ball 1-0: Ball 2-0: Foul Ball, location: 2F 2-1: Ball 3-1: Fly out, F7 (Flyball, 7S, EV 89.4 MPH)
|
| Bottom of the 8th over - 0 runs, 0 hits, 0 errors, 1 left on base; Brockton 12 - Detroit 5 |
| TOP OF THE 9TH |
|
Brockton Rox batting - Pitching for Detroit Red Wings : LHP Jean-Luc Legros
|
|
Now in CF: George Moran
|
|
|
Now in RF: Isao Fukui
|
|
|
Batting: LHB Jarrett Mordecai
|
0-0: Ball 1-0: Called Strike 1-1: Foul Ball, location: 2F 1-2: Ball 2-2: Ball 3-2: Foul Ball, location: 2F 3-2: Foul Ball, location: 2F 3-2: Foul Ball, location: 2F 3-2: Base on Balls
|
|
Batting: LHB Carlos Guerra
|
0-0: Ball 1-0: Called Strike 1-1: Fly out, F7 (Flyball, 7D, EV 103.1 MPH)
|
|
Batting: RHB Jim Hubbard
|
0-0: Called Strike 0-1: Ball 1-1: Foul Ball, location: 2F 1-2: Ball 2-2: Ball 3-2: Foul Ball, location: 2F 3-2: Fly out, F9 (Flyball, 9, EV 98.1 MPH)
|
|
Batting: RHB Alex Melendez
|
0-0: SINGLE (Groundball, 56D, EV 95.0 MPH) Jarrett Mordecai to second
|
|
Batting: RHB Ted Emmerich
|
0-0: Called Strike 0-1: Swinging Strike 0-2: SINGLE (Flyball, 78S, EV 96.9 MPH) Jarrett Mordecai to third Alex Melendez to second Runner from 3rd tries for Home, SAFE, throw by LF to home
|
|
Batting: RHB Scott Hawkins
|
0-0: Foul Ball, location: 2F 0-1: Ball 1-1: SINGLE (Line Drive, 78S, EV 99.4 MPH) Alex Melendez to third Ted Emmerich to second Runner from 3rd tries for Home, throw by CF and OUT! 8-2
|
| Top of the 9th over - 1 run, 3 hits, 0 errors, 2 left on base; Brockton 13 - Detroit 5 |
| BOTTOM OF THE 9TH |
|
Detroit Red Wings batting - Pitching for Brockton Rox : RHP Josiah Russell
|
|
Pitching: RHP Ryuhei Shimabukuro
|
|
|
Batting: RHB Jeremiah Washington
|
0-0: Ball 1-0: Called Strike 1-1: Ground out 3-1 (Groundball, 13, EV 88.8 MPH)
|
|
Batting: LHB Glen Boyle
|
0-0: Ball 1-0: Ball 2-0: Ball 3-0: Called Strike 3-1: Ground out 4-3 (Groundball, 4, EV 104.4 MPH)
|
|
Batting: SHB Eisse Wijnja
|
0-0: Foul Ball, location: 2F 0-1: Ball 1-1: Ball 2-1: Ball 3-1: Base on Balls
|
|
Batting: RHB Carlos Armenteros
|
0-0: Ball 1-0: Fly out, F8 (Flyball, 8RM, EV 90.6 MPH)
|
| Bottom of the 9th over - 0 runs, 0 hits, 0 errors, 1 left on base; Brockton 13 - Detroit 5 |
|